 Dungeon Crawl Stone Soup version 0.23.2-11-gf996548 (webtiles) character file.

Game seed: 14547258427567705094

59 Bloodrosh the Skirmisher (level 4, -5/44 HPs)
             Began as a Naga Fighter on June 6, 2019.
             Killed from afar by an orc wizard (7 damage)
             ... with a puff of frost
             ... on level 2 of the Dungeon.
             The game lasted 00:05:43 (1789 turns).

Bloodrosh the Skirmisher (Naga Fighter)             Turns: 1789, Time: 00:05:44

Health: -5/44      AC:  5    Str: 20    XL:     4   Next: 3%
Magic:  4/4        EV:  5    Int:  8    God:
Gold:   136        SH:  8    Dex: 10    Spells: 3/3 levels left

rFire    . . .     SeeInvis +   a - +0 war axe
rCold    . . .     Gourm    .   c - +0 shield
rNeg     . . .     Faith    .   b - +0 scale mail
rPois    +         Spirit   .   (no helmet)
rElec    .         Reflect  .   (no cloak)
rCorr    .         Harm     .   (no gloves)
MR       .....                  (no barding)
Stlth    +.........             (no amulet)
HPRegen  0.14/turn              l - ring of stealth
MPRegen  0.09/turn              (no ring)

@: very slow
A: large, see invisible, deformed body, poison resistance, slowness 2, slow
metabolism 1, spit poison 1, AC +1
a: Spit Poison


You were on level 2 of the Dungeon.
You were very hungry.

You visited 1 branch of the dungeon, and saw 2 of its levels.

You collected 136 gold pieces.

Inventory:

Hand Weapons
 a - a +0 war axe (weapon)
Armour
 b - a +0 scale mail (worn)
 c - a +0 shield (worn)
 h - a +0 pair of gloves
Jewellery
 l - a ring of stealth (left hand)
Scrolls
 e - a scroll of teleportation {unknown}
 g - a scroll of immolation {unknown}
 i - a scroll of enchant weapon {unknown}
 k - a scroll of identify {unknown}
 m - 3 scrolls of remove curse {unknown}
Potions
 d - 2 potions of might
 j - a potion of brilliance {unknown}
Comestibles
 f - 2 rations
 n - 3 chunks of flesh


   Skills:
 * Level 3.7 Fighting
 + Level 2.5 Axes
 + Level 2.8 Armour
 + Level 2.2 Stealth
 - Level 2.4 Shields


You had 3 spell levels left.
You didn't know any spells.
Your spell library was empty.

Dungeon Overview and Level Annotations

Branches:
Dungeon (2/15)

Altars:


Innate Abilities, Weirdness & Mutations

You cannot wear boots.
Your serpentine skin is tough. (AC +1)
You have supernaturally acute eyesight. (SInv)
Armour fits poorly on your strangely shaped body.
Your system is resistant to poisons. (rPois)
You cover ground very slowly.
You have a slow metabolism.
You can spit poison.


Message History

An orc comes into view. It is wielding a +0 club.
You block the orc wizard's attack.
The orc moves out of view.
You closely miss the orc wizard.
The orc wizard hits you with a +0 dagger.
* * * LOW HITPOINT WARNING * * *
An orc comes into view. It is wielding a +0 hand axe.
You closely miss the orc wizard.
The orc wizard gestures wildly while chanting.
The orc wizard seems to speed up.
The orc wizard hits you with a +0 dagger.
* * * LOW HITPOINT WARNING * * *
The orc shouts!
You slash the orc wizard!
The orc wizard is severely wounded.
A jackal comes into view.
The orc wizard closely misses you.
An orc comes into view. It is wielding a +0 club.
The orc wizard points at you and mumbles some strange words.
The puff of frost hits you!
You die...

#.......#
#.......#
#.......##
#........###
####.(..)......
#...........##.
#.#########.##.
####.# #...#
#.##@...# ###..
#..o†#### ###
##.........#
######
##.####....
...... #. ..
.##### #o #o >h
.. ######


You could see an orc wizard, 2 orcs and a jackal (wandering).

Vanquished Creatures
  An adder (D:2)
  An ooze (D:2)
  2 worms (D:2)
  A dart slug (D:1)
  A leopard gecko (D:1)
  2 giant cockroaches (D:1)
  5 goblins
  6 hobgoblins
  2 jackals (D:2)
  7 bats
  2 frilled lizards
  A kobold (D:1)
  6 rats
37 creatures vanquished.

Notes
Turn   | Place    | Note
-------+----------+-------------------------------------------
     0 | D:1      | Bloodrosh the Naga Fighter began the quest for the Orb.
     0 | D:1      | Reached XP level 1. HP: 21/21 MP: 1/1
   401 | D:1      | Reached XP level 2. HP: 28/28 MP: 2/2
   405 | D:1      | Reached skill level 1 in Stealth
   863 | D:1      | Reached XP level 3. HP: 33/34 MP: 3/3
  1785 | D:2      | Reached XP level 4. HP: 4/44 MP: 4/4
  1788 | D:2      | HP: 2/44 [orc wizard/+0 dagger (2)]
  1789 | D:2      | Killed from afar by an orc wizard

Skill      XL: |  1  2  3 |
---------------+----------+-----
Stealth        | 1 2 |  2.2
Fighting       | |  3.7
Axes           | |  2.5
Armour         | |  2.8
Shields        | |  2.4

Action                   |  1- 3 |  4- 6 || total
-------------------------+-------+-------++-------
Melee: War axe           |   174 |     4 ||   178
  Eat: Chunk             |     1 |       ||     1
Armor: Scale mail        |    99 |       ||    99
Dodge: Dodged            |    49 |     1 ||    50
Block: Shield            |    95 |     2 ||    97
